 Dungeon Crawl Stone Soup version 0.27.0-1-g7a089689b8 (webtiles) character file.

Game seed: 13220030902294867441

5646 Crownlay the Destroyer (level 10, 0/83 HPs)
             Began as a Black Draconian Conjurer on Aug 13, 2021.
             Was a Believer of Sif Muna.
             Slain by a two-headed ogre (23 damage)
             ... on level 7 of the Dungeon.
             The game lasted 00:23:30 (8855 turns).

Crownlay the Destroyer (Black Draconian Conjurer)   Turns: 8855, Time: 00:23:31

Health: 0/83       AC:  8    Str: 15    XL:     10   Next: 46%
Magic:  10/18      EV: 12    Int: 22    God:    Sif Muna [**....]
Gold:   294        SH:  0    Dex: 10    Spells: 16/19 levels left

rFire    . . .     SeeInvis +   a - +3 dagger (drain)
rCold    . . .     Faith    .   (no shield)
rNeg     . . .     Spirit   .   (armour unavailable)
rPois    .         Reflect  .   (helmet restricted)
rElec    +         Harm     .   i - +0 cloak
rCorr    .         Rampage  .   (no gloves)
Will     .....                  (no boots)
Stlth    ++........             (no amulet)
HPRegen  0.23/turn              u - +6 ring of strength
MPRegen  0.16/turn              t - ring of see invisible

@: studying Slings
A: breathe lightning, AC +7, unfitting armour, electricity resistance,
cold-blooded
a: Breathe Lightning, Renounce Religion, Channel Magic


You were on level 7 of the Dungeon.
You worshipped Sif Muna.
Sif Muna was pleased with you.
You visited 2 branches of the dungeon, and saw 10 of its levels.

You collected 338 gold pieces.
You spent 44 gold pieces at shops.

Inventory:

Hand Weapons
 a - a +3 dagger of draining (weapon)
Missiles
 y - 4 boomerangs of dispersal
Armour
 i - a +0 cloak (worn)
Jewellery
 n - a ring of protection from fire
 t - a ring of see invisible (right hand)
 u - a +6 ring of strength (left hand)
 v - a ring of flight
 D - a ring of protection from cold
Wands
 o - a wand of charming (4)
 q - a wand of flame (17)
 x - a wand of digging (5)
Scrolls
 b - 3 scrolls of noise
 e - 3 scrolls of enchant weapon
 f - a scroll of enchant armour
 j - a scroll of magic mapping {unknown}
 l - a scroll of amnesia
 z - a scroll of identify
 A - 2 scrolls of teleportation {unknown}
 B - a scroll of torment {unknown}
 C - a scroll of fear
 E - a scroll of blinking {unknown}
Potions
 c - 2 potions of lignification
 d - 4 potions of flight {unknown}
 g - a potion of ambrosia {unknown}
 h - 4 potions of heal wounds
 k - 2 potions of degeneration
 m - a potion of haste {unknown}
 p - a potion of magic {unknown}
 r - a potion of attraction {unknown}
 s - 3 potions of curing {unknown}
 w - a potion of invisibility {unknown}


   Skills:
 * Level 5.9 Fighting
 - Level 1.7 Dodging
 - Level 1.7 Stealth
 + Level 5.4 Spellcasting
 * Level 13.0 Conjurations
 - Level 5.0 Invocations


You had 16 spell levels left.
You knew the following spells:

 Your Spells              Type           Power      Damage    Failure   Level
a - Magic Dart            Conj           100%       1d8       1%          1
b - Searing Ray           Conj           100%       3d7       1%          2

Your spell library contained the following spells:

 Spells                   Type           Power      Damage    Failure   Level
 Static Discharge         Conj/Air       34%        N/A       1%          2
 Dazzling Flash           Conj/Hex       68%        N/A       1%          3
 Mephitic Cloud           Conj/Pois/Air  25%        N/A       4%          3
 Fulminant Prism          Conj/Hex       17%        3d11      7%          4
 Iskenderun's Mystic Bla  Conj/Tloc      34%        2d8       7%          4
 Sticky Flame             Conj/Fire      34%        2d5       7%          4
 Animate Skeleton         Necr           10%        N/A       10%         1
 Apportation              Tloc           10%        N/A       10%         1
 Corona                   Hex            5%         N/A       10%         1
 Summon Small Mammal      Summ           20%        N/A       10%         1
 Call Imp                 Summ           5%         N/A       14%         2
 Corpse Rot               Necr/Air       N/A        N/A       14%         2
 Ensorcelled Hibernation  Hex/Ice        10%        N/A       14%         2
 Poisonous Vapours        Pois/Air       10%        N/A       14%         2
 Gell's Gravitas          Tloc           2%         N/A       28%         3
 Ignite Poison            Fire/Tmut/Pois 5%         N/A       28%         3
 Lesser Beckoning         Tloc           2%         N/A       28%         3
 Teleport Other           Tloc           5%         N/A       28%         3
 Tukima's Dance           Hex            5%         N/A       28%         3
 Bolt of Magma            Conj/Fire/Erth 12%        4d8       41%         5
 Freezing Cloud           Conj/Ice/Air   12%        6-21      41%         5
 Dispel Undead            Necr           5%         3d7       67%         4
 Conjure Ball Lightning   Conj/Air       17%        3x3d6     71%         6
 Summon Forest            Summ/Tloc      2%         N/A       95%         5
 Summon Mana Viper        Hex/Summ       5%         N/A       95%         5
 Shadow Creatures         Summ           N/A        N/A       100%        6
 Discord                  Hex            2%         N/A       100%        8
 Disjunction              Tloc           2%         N/A       100%        8


Dungeon Overview and Level Annotations

Branches:
Dungeon (9/15)             Temple (1/1) D:6
   Lair: D:8-11         Orc: D:9-12

Altars:
Ashenzari
Cheibriados
Dithmenos
Elyvilon
Fedhas
Gozag
Hepliaklqana
Kikubaaqudgha
Makhleb
Nemelex Xobeh
Okawaru
Ru
Sif Muna
Trog
Uskayaw
Vehumet
Wu Jian
Xom
Yredelemnul
Zin
The Shining One

Shops:
D:2 ?   D:5 :   D:7 [

Annotations:
D:7 exclusion: two-headed ogre


Innate Abilities, Weirdness & Mutations

You can breathe wild blasts of lightning.
Your glossy black scales are hard. (AC +7)
You cannot fit into any form of body armour.
You are resistant to electric shocks. (rElec)
You are cold-blooded and may be slowed by cold attacks.


Message History

d - 4 yellow potions (gained 3)
The two-headed ogre shouts in stereo!
A two-headed ogre is nearby!
Casting: Searing Ray (safe; 1% risk of failure)
Confirm with . or Enter, or press ? or * to list all spells.
Aiming: Searing Ray (safe; 1% risk of failure)
Press: ? - help, Shift-Dir - straight line, f - two-headed ogre
Aim: a two-headed ogre, wielding a +0 dire flail and a +0 giant spiked club (92% to hit)
The searing ray hits the two-headed ogre!
The two-headed ogre is moderately wounded. (Press . to maintain the ray.)
The searing ray hits the two-headed ogre!
The two-headed ogre is moderately wounded.
The two-headed ogre hits you with a +0 dire flail!!
The two-headed ogre hits you with a +0 giant spiked club.
The searing ray hits the two-headed ogre!
The two-headed ogre is heavily wounded.
The two-headed ogre hits you with a +0 dire flail.
The two-headed ogre hits you with a +0 giant spiked club.
The searing ray hits the two-headed ogre!
The two-headed ogre is severely wounded.
You finish channeling your searing ray.
Casting: Searing Ray (safe; 1% risk of failure)
Confirm with . or Enter, or press ? or * to list all spells.
Aiming: Searing Ray (safe; 1% risk of failure)
Press: ? - help, Shift-Dir - straight line, f/p - two-headed ogre
Aim: a two-headed ogre, wielding a +0 dire flail and a +0 giant spiked club (severely wounded, 92% to hit)
The searing ray misses the two-headed ogre. (Press . to maintain the ray.)
The two-headed ogre misses you.
The two-headed ogre hits you with a +0 giant spiked club!!
The searing ray hits the two-headed ogre!
The two-headed ogre is almost dead.
The two-headed ogre hits you with a +0 dire flail!
* * * LOW HITPOINT WARNING * * *
The two-headed ogre barely misses you.
The searing ray hits the two-headed ogre.
The two-headed ogre is almost dead.
The two-headed ogre hits you with a +0 dire flail!!
You die...

###.############### ##.#
#........#...))..)####.#
#........##.##))..##.#
#..##.##.#...#†##.##># #
#..#...#.....).##.##.#
##.##...........#.......#
#.....#....#...##.##.####
......##O..###.....#.#
#.#.#...@.## .$.##...# #
#..#.##...#....#..## # #.
.?..........#
........#...#..#
.#.#...#.##.##..
#...##.##....O ## # ..
... .## ## ## #


You could see a two-headed ogre.

Vanquished Creatures
  A two-headed ogre (D:6)
  14 yaks
  A wyvern (D:6)
  Eustachio (D:5)
  Edmund (D:5)
  3 orc warriors
  2 sky beasts (D:6)
  2 necrophages
  4 ogres
  2 centaurs
  2 kobold brigands (D:7)
  A wyvern zombie (D:6)
  2 scorpions (D:5)
  A water moccasin skeleton (D:4)
  3 killer bees (D:9)
  A howler monkey (D:6)
  3 centaur zombies
  2 bullfrog zombies
  3 hounds
  Crazy Yiuf (D:3)
  A centaur skeleton (D:5)
  2 orc priests (D:9)
  2 jellies
  2 iguanas
  6 orc wizards
  A killer bee zombie (D:9)
  A hound zombie (D:5)
  4 gnolls (D:4)
  2 howler monkey skeletons (D:4)
  6 adders
  2 white imps
  A dart slug (D:5)
  25 orcs
  6 ball pythons
  3 endoplasms (D:2)
  4 giant cockroaches
  9 goblins
  5 hobgoblins
  4 quokkas
  3 bats
  3 frilled lizards
  22 kobolds
  2 rats
  A butterfly (D:6)
167 creatures vanquished.

Notes
Turn   | Place    | Note
-------+----------+-------------------------------------------
     0 | D:1      | Crownlay the Draconian Conjurer began the quest for the
                  | Orb.
     0 | D:1      | Reached XP level 1. HP: 14/14 MP: 3/3
    97 | D:1      | Reached XP level 2. HP: 20/20 MP: 5/5
  1065 | D:1      | Found a faded altar of an unknown god.
  1184 | D:1      | Learned a level 2 spell: Searing Ray
  1493 | D:2      | Reached XP level 3. HP: 26/26 MP: 6/6
  1859 | D:2      | Found Lass's Magic Scroll Boutique.
  1867 | D:2      | Bought 2 scrolls of identify for 44 gold pieces
  2001 | D:2      | Reached skill level 5 in Conjurations
  2427 | D:3      | Reached XP level 4. HP: 33/33 MP: 3/8
  2487 | D:3      | Found a runed translucent door.
  2488 | D:3      | Noticed Crazy Yiuf
  2496 | D:3      | Killed Crazy Yiuf
  2989 | D:4      | Reached XP level 5. HP: 38/38 MP: 0/9
  3133 | D:4      | Reached skill level 6 in Conjurations
  3631 | D:4      | Reached XP level 6. HP: 45/45 MP: 8/11
  4214 | D:4      | Found a glowing silver altar of Zin.
  4311 | D:5      | Entered Level 5 of the Dungeon
  4518 | D:5      | Found Numuov's Book Boutique.
  4550 | D:5      | Reached skill level 7 in Conjurations
  4785 | D:5      | Your scales start taking on a glossy black colour.
  4785 | D:5      | Reached XP level 7. HP: 46/50 MP: 4/13
  4785 | D:5      | Gained mutation: You are resistant to electric shocks.
                  | (rElec) [Black Draconian growth]
  5181 | D:5      | Reached skill level 8 in Conjurations
  5239 | D:5      | Found a basalt altar of Yredelemnul.
  5346 | D:5      | Noticed Eustachio
  5354 | D:5      | Killed Eustachio
  5355 | D:5      | Reached skill level 9 in Conjurations
  5506 | D:5      | Noticed Edmund
  5555 | D:5      | Killed Edmund
  5556 | D:5      | Reached XP level 8. HP: 23/57 MP: 8/14
  6010 | D:6      | Found a staircase to the Ecumenical Temple.
  6019 | Temple   | Entered the Ecumenical Temple
  6032 | Temple   | Became a worshipper of Sif Muna the Loreminder
  6176 | D:6      | Reached skill level 10 in Conjurations
  6422 | D:6      | Reached skill level 11 in Conjurations
  6632 | D:6      | Noticed a two-headed ogre
  6653 | D:6      | Found a shadowy altar of Dithmenos.
  6662 | D:6      | Killed a two-headed ogre
  6663 | D:6      | Reached skill level 12 in Conjurations
  6663 | D:6      | Reached skill level 1 in Invocations
  6663 | D:6      | Reached XP level 9. HP: 21/62 MP: 6/15
  6956 | D:6      | Reached * piety under Sif Muna
  7193 | D:6      | You fall into a shaft and drop 3 floors!
  7259 | D:9      | Reached skill level 5 in Invocations
  7259 | D:9      | Reached skill level 1 in Fighting
  7780 | D:8      | Reached XP level 10. HP: 79/79 MP: 9/17
  7797 | D:8      | Reached skill level 5 in Spellcasting
  7930 | D:8      | Reached skill level 5 in Fighting
  8032 | D:7      | Found Souv Ewihi's Antique Armour Shoppe.
  8110 | D:7      | Reached ** piety under Sif Muna
  8649 | D:7      | Noticed a two-headed ogre
  8714 | D:7      | Reached skill level 13 in Conjurations
  8855 | D:7      | Slain by a two-headed ogre

Illustrated notes

Levels and vault maps discovered:
D:1:      tarquinn_simple_flora_water_c, layout_basic,
          hellmonk_ecumenical_altar_prayer_group, minmay_misc_feat_iff
D:2:      layout_loops_corners, serial_shops, shop_fountains
D:3:      layout_rooms, uniq_crazy_yiuf_cottage
D:4:      layout_basic, marbit_many_paths
D:5:      layout_loops_cross, lemuel_round_altar, serial_shops,
          nicolae_stop_n_shop_1, uniq_eustachio, uniq_edmund
D:6:      layout_basic, mainiacjoe_overflow_small_starburst,
          minmay_temple_entry_butterflies, minmay_manual_moon
D:7:      layout_loops_cross, serial_shops, nicolae_stop_n_shop_1,
          hangedman_decor_clover_reticule
D:8:      layout_basic, nicolae_qazlal_scattered_showers, minmay_circle_x,
          uniq_grum
D:9:      layout_basic, erik_orc_4, hellmonk_guarded_unrand_lears
Temple:   nicolae_temple_no_exploring_needed

Skill      XL: |  1  2  3  4  5  6  7  8  9 10 |
---------------+-------------------------------+-----
Conjurations   | 5 6 7 9 12 13 | 13.0
Spellcasting   | 3 4 5 |  5.4
Invocations    | 1 5 |  5.0
Fighting       | 4 5 |  5.9
Dodging        | |  1.7
Stealth        | |  1.7

Action                   |  1- 3 |  4- 6 |  7- 9 | 10-12 || total
-------------------------+-------+-------+-------+-------++-------
Melee: Dagger            |    73 |    63 |    22 |    54 ||   212
       Tailslap          |     4 |     2 |     1 |     2 ||     9
 Cast: Magic Dart        |    20 |    46 |    51 |    20 ||   137
       Searing Ray       |     2 |    11 |    35 |    15 ||    63
 Abil: Breathe Lightning |       |       |     2 |       ||     2
  Use: Scroll            |     3 |       |     4 |     2 ||     9
 Stab: Sleeping          |     5 |     1 |       |       ||     6
Armor: Skin              |    12 |    37 |    19 |    46 ||   114
Dodge: Dodged            |    34 |    53 |    54 |    67 ||   208
